 Dungeon Crawl Stone Soup version 0.27.0-1-g7a089689b8 (webtiles) character file.

Game seed: 9555144794829993459

4 mandarbmax the Magician (level 1, 0/16 HPs)
             Began as a Djinni Summoner on Aug 7, 2021.
             Was a Follower of Zin.
             Slain by a quokka (2 damage)
             ... on level 1 of the Dungeon.
             The game lasted 00:00:52 (465 turns).

mandarbmax the Magician (Djinni Summoner)            Turns: 465, Time: 00:00:53

Health: 0/16       AC:  2    Str:  7    XL:     1   Next: 66%
Gold:   18         EV: 12    Int: 16    God:    Zin [*.....] SH:  0 Dex: 13

rFire    + + .     SeeInvis .   c - +0 dagger
rCold    x . .     Faith    .   (no shield)
rNeg     . . .     Spirit   .   a - +0 robe
rPois    ∞         Reflect  .   (no helmet)
rElec    .         Harm     .   (no cloak)
rCorr    .         Rampage  .   (no gloves)
Will     .....                  (boots unavailable)
Stlth    ++........             (no amulet)
HPRegen  0.05/turn              (no ring)
MPRegen  0.00/turn              (no ring)

@: flying
A: sickness immunity, fire resistance 2, cold vulnerability 1, float, innate
caster, hp casting, extra vitality 1
a: Renounce Religion, Recite, Donate Gold


You were on level 1 of the Dungeon.
You worshipped Zin.
Zin was aware of your devotion.
You visited 1 branch of the dungeon, and saw 1 of its levels.

You collected 20 gold pieces.
You donated 2 gold pieces to Zin.

Inventory:

Hand Weapons
 c - a +0 dagger (weapon)
 d - a +0 spear
Armour
 a - a +0 robe (worn)
Potions
 b - a potion of heal wounds {unknown}


   Skills:
 + Level 0.4 Fighting
 - Level 2.1 Dodging
 + Level 1.7 Stealth
 + Level 3.3 Spellcasting


You couldn't memorise any spells.
You knew the following spells:

 Your Spells              Type           Power      Damage    Failure   Level
a - Summon Small Mammal   Summ           52%        N/A       4%          1
b - Call Imp              Summ           13%        N/A       7%          2
c - Call Canine Familiar  Summ           13%        N/A       14%         3
d - Summon Guardian Gole  Hex/Summ       13%        N/A       14%         3
e - Summon Lightning Spi  Summ/Air       13%        N/A       43%         4
Your spell library was empty.

Dungeon Overview and Level Annotations

Branches:
Dungeon (1/15)

Altars:
Zin


Innate Abilities, Weirdness & Mutations

You are immune to sickness and miasma.
You are immune to poison.
Your flesh is very heat resistant. (rF++)
You are vulnerable to cold. (rC-)
You float through the air rather than walking.
You learn spells naturally, not from books.
Your magical power is your life essence.
You have superior vitality. (+4 HP)


Message History

You swap places.
The quokka barely misses your rat.
Your rat barely misses the quokka.
The quokka barely misses your rat.
Your rat bites the quokka.
You see here a +0 spear.
d - a +0 spear The quokka bites your rat.
Your rat dies!
Your rat's corpse disappears in a puff of smoke!
Casting: Summon Small Mammal (safe; 4% risk of failure)
Confirm with . or Enter, or press ? or * to list all spells.
* * * LOW HITPOINT WARNING * * *
The quokka barely misses your rat.
Unknown command.
The quokka bites your rat.
Your rat dies!
Your rat's corpse disappears in a puff of smoke!
Casting: Summon Small Mammal (safe; 4% risk of failure)
Confirm with . or Enter, or press ? or * to list all spells.
* * * LOW HITPOINT WARNING * * *
Casting: Summon Small Mammal (safe; 4% risk of failure)
Confirm with . or Enter, or press ? or * to list all spells.
* * * LOW HITPOINT WARNING * * *
You swap places.
The quokka bites your quokka.
Your quokka bites the quokka.
Your rat bites the quokka but does no damage.
The quokka bites your quokka.
Your quokka dies!
Your quokka's corpse disappears in a puff of smoke!
Okay, then.
Your rat misses the quokka.
Your rat closely misses the quokka.
Your rat bites the kobold.
The kobold dies!
Casting: Summon Small Mammal (safe; 4% risk of failure)
Confirm with . or Enter, or press ? or * to list all spells.
* * * LOW HITPOINT WARNING * * *
The quokka completely misses you.
Your bat barely misses the quokka.
Your bat completely misses the quokka.
There is a stone staircase leading down here.
The quokka bites you.
You die...

##### .....####
........#######
#.....br.r.#
####.#####>#
#.# #r#
######)#####@##
#....r....##..#
#.####.##.###.#
#.##.# #.#
#.##.####.##.#
#.#
......K...##.#
#.#
#..#..######.#
#.# #. #.# #.#
.K #.# #.#


You could see a quokka (ally target) and a friendly rat (summoned).

Vanquished Creatures (collateral kills)
  2 jackals (D:1)
  A frilled lizard (D:1)
  2 goblins (D:1)
  A kobold (D:1)
6 creatures vanquished.

Notes
Turn   | Place    | Note
-------+----------+-------------------------------------------
     0 | D:1      | mandarbmax the Djinni Summoner began the quest for the Orb.
     0 | D:1      | Reached XP level 1. HP: 15/15 MP: 0/0
    52 | D:1      | Found a faded altar of an unknown god.
    55 | D:1      | Became a worshipper of Zin the Law-Giver
    55 | D:1      | Reached * piety under Zin
   465 | D:1      | Slain by a quokka

Illustrated notes

Levels and vault maps discovered:
D:1:      nagdon_arrival_zigzag_paths, layout_loops_ring, basic_ecumenical_altar

Action                   || total
-------------------------++-------
Melee: Dagger            ||     3
 Cast: Summon Small Mamm ||    16
Dodge: Dodged            ||     3
